Workbook
Name ASIGNACIÓN: INSTRUCCIONES!$H$31:$H$32
Name CLASE: INSTRUCCIONES!$C$31:$C$32
Name ETAPA: INSTRUCCIONES!#REF!
Name FUENTE: INSTRUCCIONES!$D$31:$D$32
Name IMPACTO: INSTRUCCIONES!$G$31:$G$35
Name PROBABILIDAD: INSTRUCCIONES!$F$31:$F$35
Name TIPO: INSTRUCCIONES!#REF!

Sheet ANEXO RIESGOS
B2: Denominación del bien o servicio | G2: CONTRATACIÓN PARA LA ADQUISICIÓN DE DOTACIÓN DE VESTUARIO DE LOS CONDUCTORES DE LA COMISIÓN DE REGULACIÓN DE COMUNICACIONES. | W2: Anexo # | X2: 1
W3: Fecha | X3: 45840
B4: Elaborado de conformidad con la metodología propuesta por la Agencia Nacional para la Contratación Pública – Colombia Compra Eficiente, Manual para la Identificación y Cobertura del Riesgo en los Procesos de Contratación disponible en www.colombiacompra.gov.co, https://www.colombiacompra.gov.co/sites/cce_public/files/cce_documents/cce_manual_cobertura_riesgo.pdf
B5: No. | C5: Clase | D5: Fuente | E5: Etapa | F5: Tipo | G5: Descripción (Qué puede pasar y, cómo puede ocurrir) | H5: Consecuencia de la ocurrencia del evento | I5: Probabilidad | J5: Impacto | K5: Valoración del riesgo | L5: Categoría | M5: ¿A quién se le asigna? | N5: Tratamiento/Controles a ser implementados | O5: Impacto después del tratamiento | S5: ¿Afecta la ejecución del contrato? | T5: Responsable por implementar el tratamiento | U5: A partir de cuando se inicia el tratamiento | V5: Cuando se completa el tratamiento | W5: Monitoreo y revisión
O6: Probabilidad | P6: Impacto | Q6: Valoración del riesgo | R6: Categoría | W6: ¿Cómo se realiza el monitoreo? | X6: Periodicidad
B7: 1 | C7: General | D7: Externo | E7: Ejecución | F7: Riesgos Regulatorios | G7: Modificaciones del régimen tributario que implique afectación a la ejecución del contrato y la prestación del servicio. | H7: Desequilibrio de la ecuación contractual | I7: 3=Posible | J7: 2= Menor | K7: =IFERROR(MID(I7,1,1)+MID(J7,1,1),"") -> 5 | L7: =IF(K7="","",IF(OR(K7=2,K7=3,K7=4),INSTRUCCIONES!$Y$23,IF(K7=5,INSTRUCCIONES!$Y$22,IF(OR(K7=6,K7=7),INSTRUCCIONES!$Y$21,IF(OR(K7=8,K7=9,K7=10),INSTRUCCIONES!$Y$20))))) -> Riesgo Medio | M7: Contratista | N7: El contratista deberá mantener los precios ofertados. El contratista verificará la normatividad vigente en todo momento y las condiciones del mercado. | O7: 1=Raro | P7: 2= Menor | Q7: =IFERROR(MID(O7,1,1)+MID(P7,1,1),"") -> 3 | R7: =IF(Q7="","",IF(OR(Q7=2,Q7=3,Q7=4),INSTRUCCIONES!$Y$23,IF(Q7=5,INSTRUCCIONES!$Y$22,IF(OR(Q7=6,Q7=7),INSTRUCCIONES!$Y$21,IF(OR(Q7=8,Q7=9,Q7=10),INSTRUCCIONES!$Y$20))))) -> Riesgo Bajo | S7: SI | T7: CRC y Contratista | U7: Durante la ejecución del contrato | V7: Hasta la terminación del contrato | W7: Verificando que los precios ofrecidos sean los facturados | X7: Continuo
B8: 2 | C8: General | D8: Externo | E8: Selección | F8: Riesgos Operacionales | G8: Que el día del cierre no se presenten proponentes al proceso de selección o no cumplan con las condiciones establecidas en la invitación pública | H8: Se declara desierto el proceso de selección | I8: 1=Raro | J8: 3= Moderado | K8: =IFERROR(MID(I8,1,1)+MID(J8,1,1),"") -> 4 | L8: =IF(K8="","",IF(OR(K8=2,K8=3,K8=4),INSTRUCCIONES!$Y$23,IF(K8=5,INSTRUCCIONES!$Y$22,IF(OR(K8=6,K8=7),INSTRUCCIONES!$Y$21,IF(OR(K8=8,K8=9,K8=10),INSTRUCCIONES!$Y$20))))) -> Riesgo Bajo | M8: CRC | N8: Revisar las observaciones a lo largo del proceso de selección con el fin de garantizar la mayor pluralidad de oferentes | O8: 1=Raro | P8: 2= Menor | Q8: =IFERROR(MID(O8,1,1)+MID(P8,1,1),"") -> 3 | R8: =IF(Q8="","",IF(OR(Q8=2,Q8=3,Q8=4),INSTRUCCIONES!$Y$23,IF(Q8=5,INSTRUCCIONES!$Y$22,IF(OR(Q8=6,Q8=7),INSTRUCCIONES!$Y$21,IF(OR(Q8=8,Q8=9,Q8=10),INSTRUCCIONES!$Y$20))))) -> Riesgo Bajo | S8: NO | T8: CRC | U8: Desde la publicación del estudio previo y proyecto de pliego de condiciones | V8: Hasta el día del cierre del proceso | W8: Revisando las observaciones que sean procedentes con el fin de permitir una mayor participación de proponentes | X8: Diario
B9: 3 | C9: General | D9: Externa | E9: Ejecución | F9: Riesgo Operacional | G9: Fallas en la logística y organización que afecten la prestación del servicio | H9: Retrasos en la ejecución y/o incumplimiento del objeto contractual. | I9: 3=Posible | J9: 2= Menor | K9: =IFERROR(MID(I9,1,1)+MID(J9,1,1),"") -> 5 | L9: =IF(K9="","",IF(OR(K9=2,K9=3,K9=4),INSTRUCCIONES!$Y$23,IF(K9=5,INSTRUCCIONES!$Y$22,IF(OR(K9=6,K9=7),INSTRUCCIONES!$Y$21,IF(OR(K9=8,K9=9,K9=10),INSTRUCCIONES!$Y$20))))) -> Riesgo Medio | M9: Contratista | N9: Obligación por parte del contratista de entregar dentro de los 5 días calendario siguientes a la legalización del contrato, un cronograma de entrega para la ejecución del contrato | O9: 1=Raro | P9: 2= Menor | Q9: =IFERROR(MID(O9,1,1)+MID(P9,1,1),"") -> 3 | R9: =IF(Q9="","",IF(OR(Q9=2,Q9=3,Q9=4),INSTRUCCIONES!$Y$23,IF(Q9=5,INSTRUCCIONES!$Y$22,IF(OR(Q9=6,Q9=7),INSTRUCCIONES!$Y$21,IF(OR(Q9=8,Q9=9,Q9=10),INSTRUCCIONES!$Y$20))))) -> Riesgo Bajo | S9: SI | T9: Contratista | U9: Durante la ejecución del contrato | V9: Hasta el día de terminación del contrato | W9: Mediante el seguimiento al cronograma pactado en el inicio del contrato | X9: Semanalmente
B10: 4 | C10: Especifico | D10: Externa | E10: Ejecución | F10: Riesgo Operacional | G10: Entrega de elementos requeridos defectuosos o que no cumplan con las especificaciones técnicas. | H10: Retrasos en la ejecución debido a que se debe realizar el cambio de los elementos. | I10: 3=Posible | J10: 2= Menor | K10: =IFERROR(MID(I10,1,1)+MID(J10,1,1),"") -> 5 | L10: =IF(K10="","",IF(OR(K10=2,K10=3,K10=4),INSTRUCCIONES!$Y$23,IF(K10=5,INSTRUCCIONES!$Y$22,IF(OR(K10=6,K10=7),INSTRUCCIONES!$Y$21,IF(OR(K10=8,K10=9,K10=10),INSTRUCCIONES!$Y$20))))) -> Riesgo Medio | M10: Contratista | N10: Cambio de los elementos defectuosos o desperfectos en un plazo no mayor a cinco días calendario a partir de la comunicación del supervisor del contrato. | O10: 2=Improbable | P10: 2=Menor | Q10: =IFERROR(MID(O10,1,1)+MID(P10,1,1),"") -> 4 | R10: =IF(Q10="","",IF(OR(Q10=2,Q10=3,Q10=4),INSTRUCCIONES!$Y$23,IF(Q10=5,INSTRUCCIONES!$Y$22,IF(OR(Q10=6,Q10=7),INSTRUCCIONES!$Y$21,IF(OR(Q10=8,Q10=9,Q10=10),INSTRUCCIONES!$Y$20))))) -> Riesgo Bajo | S10: NO | T10: CRC | U10: Durante la ejecución del contrato | V10: Hasta el día de terminación del contrato | W10: Comunicación del servidor público respecto de la prenda defectuosa por confección o por calidad | X10: Continuo
B11: 5 | C11: General | D11: Externo | E11: Ejecución | F11: Riesgos Económicos | G11: Riesgo cambiario | H11: Incremento en los costos e insumos requeridos para la ejecución del contrato | I11: 3=Posible | J11: 4= Mayor | K11: =IFERROR(MID(I11,1,1)+MID(J11,1,1),"") -> 7 | L11: =IF(K11="","",IF(OR(K11=2,K11=3,K11=4),INSTRUCCIONES!$Y$23,IF(K11=5,INSTRUCCIONES!$Y$22,IF(OR(K11=6,K11=7),INSTRUCCIONES!$Y$21,IF(OR(K11=8,K11=9,K11=10),INSTRUCCIONES!$Y$20))))) -> Riesgo Alto | M11: Contratista | N11: Analizar las fluctuaciones de las tasas de cambio que puedan afectar el precio en pesos colombianos de los bienes requeridos o en el precio de la materia prima | O11: 1=Raro | P11: 2= Menor | Q11: =IFERROR(MID(O11,1,1)+MID(P11,1,1),"") -> 3 | R11: =IF(Q11="","",IF(OR(Q11=2,Q11=3,Q11=4),INSTRUCCIONES!$Y$23,IF(Q11=5,INSTRUCCIONES!$Y$22,IF(OR(Q11=6,Q11=7),INSTRUCCIONES!$Y$21,IF(OR(Q11=8,Q11=9,Q11=10),INSTRUCCIONES!$Y$20))))) -> Riesgo Bajo | S11: SI | T11: Contratista | U11: Desde la Planeación de la oferta | V11: Hasta la terminación del contrato | W11: Seguimiento periódico al cumplimiento de las obligaciones contractuales | X11: Continuo
B12: 6 | C12: General | D12: Externo | E12: Planeación | F12: Riesgos Económicos | G12: Estimación inadecuada de los costos por parte de los oferentes | H12: Desequilibrio económico para el contratista, que puede ocasionar retrasos en la ejecución del contrato y/o incumplimiento del objeto contractual | I12: 3=Posible | J12: 3= Moderado | K12: =IFERROR(MID(I12,1,1)+MID(J12,1,1),"") -> 6 | L12: =IF(K12="","",IF(OR(K12=2,K12=3,K12=4),INSTRUCCIONES!$Y$23,IF(K12=5,INSTRUCCIONES!$Y$22,IF(OR(K12=6,K12=7),INSTRUCCIONES!$Y$21,IF(OR(K12=8,K12=9,K12=10),INSTRUCCIONES!$Y$20))))) -> Riesgo Alto | M12: Contratista | N12: La Entidad debe públicar los documentos del proceso que le indiquen al proponente los precios del mercado | O12: 2=Improbable | P12: 2= Menor | Q12: =IFERROR(MID(O12,1,1)+MID(P12,1,1),"") -> 4 | R12: =IF(Q12="","",IF(OR(Q12=2,Q12=3,Q12=4),INSTRUCCIONES!$Y$23,IF(Q12=5,INSTRUCCIONES!$Y$22,IF(OR(Q12=6,Q12=7),INSTRUCCIONES!$Y$21,IF(OR(Q12=8,Q12=9,Q12=10),INSTRUCCIONES!$Y$20))))) -> Riesgo Bajo | S12: SI | T12: CRC y Contratista | U12: Desde la estructuración de los documentos del proceso | V12: Hasta la fecha de presentación de la oferta | W12: Revisión y seguimiento a los precios facturados versus lo ofertado | X12: Continuo
B13: 7 | C13: General | D13: Externo | E13: Ejecución | F13: Riesgos Sociales o Políticos | G13: Retrasos en la entrega de los bienes como consecuencia de la declaratoria de emergencia sanitaria | H13: Afectación en la ejecución del contrato | I13: 4=Probable | J13: 3= Moderado | K13: =IFERROR(MID(I13,1,1)+MID(J13,1,1),"") -> 7 | L13: =IF(K13="","",IF(OR(K13=2,K13=3,K13=4),INSTRUCCIONES!$Y$23,IF(K13=5,INSTRUCCIONES!$Y$22,IF(OR(K13=6,K13=7),INSTRUCCIONES!$Y$21,IF(OR(K13=8,K13=9,K13=10),INSTRUCCIONES!$Y$20))))) -> Riesgo Alto | M13: CRC | N13: Establecer y aplicar los planes de contingencia que se determinen con el contratista para la ocurrencia de estos eventos. | O13: 1=Raro | P13: 2= Menor | Q13: =IFERROR(MID(O13,1,1)+MID(P13,1,1),"") -> 3 | R13: =IF(Q13="","",IF(OR(Q13=2,Q13=3,Q13=4),INSTRUCCIONES!$Y$23,IF(Q13=5,INSTRUCCIONES!$Y$22,IF(OR(Q13=6,Q13=7),INSTRUCCIONES!$Y$21,IF(OR(Q13=8,Q13=9,Q13=10),INSTRUCCIONES!$Y$20))))) -> Riesgo Bajo | S13: Si | T13: CRC y Contratista | U13: Durante la ejecución del contrato | V13: Cuando se aplica el plan de contingencia para atender la eventualidad | W13: Seguimiento constante del plan de contingencia en caso de presentarse el evento | X13: Continuo
B14: 8 | C14: General | D14: Externo | E14: Ejecución | F14: Riesgos Operacionales | G14: Escases de la materia prima para la fabricación de los elementos contratados como consecuencia de la pandemia y declaratoria de la emergencia sanitaria nacional a causa del brote epidémico a su vez relaciondos con aspectos de acaparamiento y especulación. | H14: Afectación en la ejecución del contrato | I14: 4=Probable | J14: 3= Moderado | K14: =IFERROR(MID(I14,1,1)+MID(J14,1,1),"") -> 7 | L14: =IF(K14="","",IF(OR(K14=2,K14=3,K14=4),INSTRUCCIONES!$Y$23,IF(K14=5,INSTRUCCIONES!$Y$22,IF(OR(K14=6,K14=7),INSTRUCCIONES!$Y$21,IF(OR(K14=8,K14=9,K14=10),INSTRUCCIONES!$Y$20))))) -> Riesgo Alto | M14: CRC | N14: Establecer en el estudio del sector, la disponibilidad de materia prima e insumos necesarios para la confección de las prendas | O14: 3=Posible | P14: 3= Moderado | Q14: =IFERROR(MID(O14,1,1)+MID(P14,1,1),"") -> 6 | R14: =IF(Q14="","",IF(OR(Q14=2,Q14=3,Q14=4),INSTRUCCIONES!$Y$23,IF(Q14=5,INSTRUCCIONES!$Y$22,IF(OR(Q14=6,Q14=7),INSTRUCCIONES!$Y$21,IF(OR(Q14=8,Q14=9,Q14=10),INSTRUCCIONES!$Y$20))))) -> Riesgo Alto | S14: Si | T14: CRC | U14: Desde la publicación del estudio previo y proyecto de pliego de condiciones | V14: Hasta la terminación del contrato | W14: Seguimiento constante en el cronorama las fechas de entrega y sus posibles retrasos | X14: Continuo

Sheet INSTRUCCIONES
A1: TABLAS PARA VALORACIÓN DE RIESGO SEGÚN METODOLOGÍA CCE - No imprimir
B3: Seleccione la opción de las listas desplegables en las columnas con títulos de color amarillo de acuerdo con las siguientes tablas.
B5: 1. Clase del Riesgo | C5: Descripción | F5: 3. Etapa del proceso | G5: Desde | H5: Hasta | I5: Descrición | N5: 4. Tipo de riesgo | O5: Descripción
B6: General | C6: Es un Riesgo de todos los Procesos de Contratación adelantados por la Entidad Estatal, por lo cual está presente en toda su actividad contractual. | F6: Planeación | G6: Plan anual de adquisición | H6: Acto de Apertura del Proceso de Contratación | I6: Durante esta estapa, la Entidad elabora los estudios previos y el proyecto de pliegos de condiciones o sus equivalentes. Dentro de las preguntas que la Entidad Estatal debe hacerse para identificar los Riesgos de la etapa de planeación se encuentran las siguientes: (i) La modalidad de contratación es adecuada para el bien servicio u obra necesitado. (ii) Los requisitos habilitantes son los apropiados para el Proceso de Contratación y es posible encontrar proponentes que los cumplan incluyendo los Riesgos relacionados con la habilidad para determinar requisitos habilitantes consistentes con el Proceso de Contratación y con el sector económico en el que actúan los posibles oferentes. (iii) El valor del contrato corresponde a los precios del mercado. (iv) La descripción del bien o servicio requerido es claro. (v) El Proceso de Contratación cuenta con las condiciones que garanticen la transparencia, equidad y competencia entre los proponentes. (vi) El estudio de mercado permite identificar los aspectos de oferta y demanda del mercado respectivo. (vii) El diseño del Proceso de Contratación permite satisfacer las necesidades de la Entidad Estatal, cumplir su misión y si es coherente con el cumplimiento de sus objetivos y metas. | N6: Riesgos Económicos: | O6: Son los derivados del comportamiento del mercado, tales como la fluctuación de los precios de los insumos, desabastecimiento y especulación de los mismos, entre otros.
B7: Específico | C7: Es un Riesgo propio del Proceso de Contratación objeto de análisis. | N7: Riesgos Sociales o Políticos | O7: Son los derivados de los cambios de las políticas gubernamentales y de cambios en las condiciones sociales que tengan impacto en la ejecución del contrato.
N8: Riesgos Operacionales | O8: Son los asociados a la operatividad del contrato, tales como la suficiencia del presupuesto oficial, del plazo o los derivados de procesos, procedimientos, parámetros, sistemas de información y tecnológicos, equipos humanos o técnicos inadecuados o insuficientes.
B9: 2. Fuente del Riesgo | C9: Descripción | F9: Selección | G9: Acto de Apertura del Proceso de Contratación | H9: Adjudicación o la declaración de desierto del Proceso de Contratación | I9: En la etapa de selección la Entidad Estatal selecciona al contratista. En esta etapa los Riesgos frecuentes son los siguientes: (i) Falta de capacidad de la Entidad Estatal para promover y adelantar la selección del contratista, incluyendo el riesgo de seleccionar aquellos que no cumplan con la totalidad de los requisitos habilitantes o se encuentren incursos en alguna inhabilidad o incompatibilidad. (ii) Riesgo de colusión. (iii) Riesgo de ofertas artificialmente bajas. | N9: Riesgos Financieros: | O9: Son (i) el riesgo de consecución de financiación o riesgo de liquidez para obtener recursos para cumplir con el objeto del contrato, y (ii) el riesgo de las condiciones financieras establecidas para la obtención de los recursos, tales como plazos, tasas, garantías, contragarantías, y refinanciaciones, entre otros.
B10: Interno | C10: Es un Riesgo asociado a la operación, capacidad, o situación particular de la Entidad Estatal (reputacional, tecnológico). | F10: Contratación | G10: Adjudicación del contrato objeto del proceso de contratación | H10: Perfeccionamiento | I10: En esta etapa los Riesgos frecuentes son los siguientes: (i) Riesgo de que no se firme el contrato. (ii) Riesgo de que no se presenten las garantías requeridas en los Documentos del Proceso de Contratación o que su presentación sea tardía. (iii) Riesgos asociados al incumplimiento de la publicación o el registro presupuestal del contrato. (iv) Riesgos asociados a los reclamos de terceros sobre la selección del oferente que retrasen el perfeccionamiento del contrato. | N10: Riesgos Regulatorios | O10: Derivados de cambios regulatorios o reglamentarios que afecten la ecuación económica del contrato.
B11: Externo | C11: Es un Riesgo del sector del objeto del Proceso de Contratación, o asociado a asuntos no referidos a la Entidad Estatal (desastres económicos, existencia de monopolios, circunstancias electorales). | F11: Ejecución | G11: Perfeccionamiento | H11: Vencimiento del plazo o acta de liquidación | I11: Esta etapa puede extenderse cuando hay lugar a garantías de calidad, estabilidad y mantenimiento, o a condiciones de disposición final o recuperación ambiental de las obras o bienes. En esta etapa se cumplen con las obligaciones previstas en el contrato, permitiendo el logro del objeto del Proceso de Contratación; en consecuencia los Riesgos frecuentes son los asociados al cumplimiento del contrato y el logro del objeto propuesto, el rompimiento del equilibrio económico del contrato, los asociados a la liquidación y terminación del contrato y aquellos relacionados con el incumplimiento de la normativa posconsumo. | N11: Riesgos de la Naturaleza: | O11: Son los eventos naturales previsibles en los cuales no hay intervención humana que puedan tener impacto en la ejecución del contrato, por ejemplo los temblores, inundaciones, lluvias, sequías, entre otros.
N12: Riesgos Ambientales: | O12: Son los derivados de las obligaciones legales o reglamentarias de carácter ambiental, así como de las licencias, planes de manejo o de permisos y autorizaciones ambientales, incluyendo tasas retributivas y compensatorias, obligaciones de mitigación, tareas de monitoreo y control, entre otras.
N14: Riesgos Tecnológicos: | O14: Son los derivados de fallas en los sistemas de comunicación de voz y de datos, suspensión de servicios públicos, nuevos desarrollos tecnológicos o estándares que deben ser tenidos en cuenta para la ejecución del contrato, obsolescencia tecnológica
O17: Valoración (combinación de probabilidad y valoración)
B18: 5. Probabilidad del Riesgo | F18: 6. Impacto del riesgo | O18: Impacto | X18: Categoría del riesgo
B19: Categoría | C19: Valoración | F19: Impacto | O19: Clasificación Cualitativa | Q19: Obstruye la ejecución del contrato de manera intrascendente. | R19: Dificulta la ejecución del contrato de manera baja. Aplicando medidas mínimas se puede lograr el objeto contractual. | S19: Afecta la ejecución del contrato sin alterar el beneficio de las partes. | T19: Obstruye la ejecución del contrato sustancialmente per aun así permite la consecución del objeto contractual. | U19: Perturba la ejecución del contrato de manera grave imposibilitando la consecución del objeto contractual. | X19: Valoración del riesgo | Y19: Categoría
B20: Raro (puede ocurrir excepcionalmente) | C20: 1 | F20: Clasificación Cualitativa | H20: Obstruye la ejecución del contrato de manera intrascendente. | I20: Dificulta la ejecución del contrato de manera baja. Aplicando medidas mínimas se puede lograr el objeto contractual. | J20: Afecta la ejecución del contrato sin alterar el beneficio de las partes. | K20: Obstruye la ejecución del contrato sustancialmente per aun así permite la consecución del objeto contractual. | L20: Perturba la ejecución del contrato de manera grave imposibilitando la consecución del objeto contractual. | O20: Clasificación Monetaria | Q20: Los sobrecostos no representan mpas del uno por ciento (1%) del valor del contrato. | R20: Los sobrecostos no representan más del cinco por ciento (5%) del valor del contrato. | S20: Genera un impacto sobre el valor del contrato entre el cinco (5%) y el quince por ciento (15%). | T20: Incrementa el valor del contrato entre el quince (15%) y el treinta por ciento (30%). | U20: Impacto sobre el valor del contrato de más del treinta por ciento (30%). | X20: 8,9,10 | Y20: Riesgo Extremo
B21: Improbable (puede ocurrir ocasionalmente) | C21: 2 | F21: Clasificación Monetaria | H21: Los sobrecostos no representan mpas del uno por ciento (1%) del valor del contrato. | I21: Los sobrecostos no representan más del cinco por ciento (5%) del valor del contrato. | J21: Genera un impacto sobre el valor del contrato entre el cinco (5%) y el quince por ciento (15%). | K21: Incrementa el valor del contrato entre el quince (15%) y el treinta por ciento (30%). | L21: Impacto sobre el valor del contrato de más del treinta por ciento (30%). | O21: Categoría | P21: Valoración | Q21: Insignificante | R21: Menor | S21: Moderado | T21: Mayor | U21: Catastrófico | X21: 6 Y 7 | Y21: Riesgo Alto
B22: Posible (puede ocurrir en cualquier momento futuro) | C22: 3 | F22: Categoría | G22: Valoración | H22: Insignificante | I22: Menor | J22: Moderado | K22: Mayor | L22: Catastrófico | Q22: 1 | R22: 2 | S22: 3 | T22: 4 | U22: 5 | X22: 5 | Y22: Riesgo Medio
B23: Probable (probablemente va a ocurrir) | C23: 4 | H23: 1 | I23: 2 | J23: 3 | K23: 4 | L23: 5 | N23: Probabilidad | O23: Raro (puede ocurrir excepcionalmente) | P23: 1 | Q23: 2 | R23: 3 | S23: 4 | T23: 5 | U23: 6 | X23: 2,3 Y 4 | Y23: Riesgo Bajo
B24: Casi cierto (ocurre en la mayoría de circunstancias) | C24: 5 | O24: Improbable (puede ocurrir ocasionalmente) | P24: 2 | Q24: 3 | R24: 4 | S24: 5 | T24: 6 | U24: 7
O25: Posible (puede ocurrir en cualquier momento futuro) | P25: 3 | Q25: 4 | R25: 5 | S25: 6 | T25: 7 | U25: 8 | X25: ¿Afecta la ejecución del contrato? | Y25: Responsable por implementar el tratamiento
O26: Probable (probablemente va a ocurrir) | P26: 4 | Q26: 5 | R26: 6 | S26: 7 | T26: 8 | U26: 9 | X26: Si | Y26: CRC
O27: Casi cierto (ocurre en la mayoría de circunstancias) | P27: 5 | Q27: 6 | R27: 7 | S27: 8 | T27: 9 | U27: 10 | X27: No | Y27: Contratista
Y28: CRC y Contratista
B29: Fuente: Agencia Nacional para la Contratación Pública – Colombia Compra Eficiente, Manual para la Identificación y Cobertura del Riesgo en los Procesos de Contratación disponible en www.colombiacompra.gov.co, https://www.colombiacompra.gov.co/sites/cce_public/files/cce_documents/cce_manual_cobertura_riesgo.pdf, fecha de consulta 24 de abril de 2021.
C30: CLASE | D30: FUENTE | F30: PROBABILIDAD | G30: IMPACTO | H30: ¿A quién se le asigna?
C31: General | D31: Interno | F31: 1=Raro | G31: 1= Insignificante | H31: ICBF
C32: Específico | D32: Externo | F32: 2=Improbable | G32: 2= Menor | H32: Contratista
F33: 3=Posible | G33: 3= Moderado
F34: 4=Probable | G34: 4= Mayor
F35: 5=Casi cierto | G35: 5= Catastrófico
C37: ETAPA | D37: TIPO
C38: Planeación | D38: Riesgos Económicos
C39: Selección | D39: Riesgos Sociales o Políticos
C40: Contratación | D40: Riesgos Operacionales
C41: Ejecución | D41: Riesgos Financieros
D42: Riesgos Regulatorios
D43: Riesgos de la Naturaleza
D44: Riesgos Ambientales
D45: Riesgos Tecnológicos
